[Event "Team 45 45 League T54"]
[Site "Internet Chess Club"]
[Date "2012.10.16"]
[Round "9"]
[White "milesotoole"]
[Black "clarinetref"]
[Result "1/2-1/2"]
[WhiteElo "1643"]
[BlackElo "1684"]
[Opening "Sicilian: closed, 2...Nc6"]
[ECO "B23"]
[Time "10:12:56"]
[TimeControl "2700+45"]

1. e4 c5 2. Nc3 Nc6 3. Bb5 Nd4 4. Bc4 e6 5. Nge2 a6 6. d3 b5 7. Bb3 Nxb3 8. axb3
Bb7 9. O-O Nf6 10. Bg5 Be7 11. f4 Ng4 12. Qd2 Bxg5 13. fxg5 Qc7 14. Nf4 b4 15.
Nce2 d5 16. h3 Ne5 17. exd5 exd5 18. d4 Ng6 19. dxc5 Qxc5+ 20. Qd4 Qxd4+ 21.
Nxd4 Nxf4 22. Rxf4 O-O 23. Re1 Rae8 24. Kf2 Re4 25. g3 Rfe8 26. Rexe4 dxe4 27.
Nf5 Re6 28. Ke3 Kf8 29. Nd4 Re7 30. c3 Re5 31. Rf5 Rxf5 32. Nxf5 g6 33. Nd6 Bd5
34. Nxe4 bxc3 35. Nxc3 Bxb3 36. Ne4 Kg7 37. Kd4 Bd1 38. Kc5 Be2 39. h4 h6 40.
Nf6 hxg5 41. hxg5 Kf8 42. Kd6 Bb5 43. Nd7+ Ke8 44. Nb8 Kd8 45. Nc6+ Ke8 46. Na7
Bc4 47. b4 Be2 48. Nc6 Bb5 49. Nd4 Bd3 50. Kc6 Ke7 51. Nb3 f6 52. Nc5 Bb5+ 53.
Kb6 fxg5 54. Nxa6 Be2 55. Nc5 Kf6 56. Ne4+ Kf5 57. Nf2 Ke5 58. Kc5 Bf1 59. b5
Bxb5 60. Kxb5 Kd4 61. Ng4 Ke4 62. Nh6 g4 63. Nxg4 Kf3 {Game drawn by mutual
agreement} 1/2-1/2

[Event "Team 45 45 League T54"]
[Site "Internet Chess Club"]
[Date "2012.10.15"]
[Round "9"]
[White "PostMike"]
[Black "burnsy"]
[Result "1-0"]
[WhiteElo "1499"]
[BlackElo "1461"]
[Opening "Sicilian: O'Kelly variation"]
[ECO "B28"]
[Time "16:33:50"]
[TimeControl "2700+45"]

1. e4 c5 2. Nf3 a6 3. c4 Nc6 4. d4 cxd4 5. Nxd4 Nxd4 6. Qxd4 d6 7. Nc3 e5 8. Qd3
Be7 9. Be2 Nf6 10. O-O Bd7 11. b3 Bc6 12. Nd5 Nxd5 13. exd5 Bd7 14. h3 f5 15. a4
e4 16. Qc2 Bg5 17. a5 Bxc1 18. Qxc1 Qe7 19. Re1 O-O 20. f4 Rf6 21. b4 Rg6 22.
Bf1 Qh4 23. Re3 Qxf4 24. Qc3 Qg5 25. c5 f4 26. Rxe4 Bb5 27. Qf3 Bxf1 28. Rxf1
Qxd5 29. Re8+ {Black resigns} 1-0

[Event "Team 45 45 League T54"]
[Site "Internet Chess Club"]
[Date "2012.10.13"]
[Round "9"]
[White "Berke"]
[Black "jjaillet2007"]
[Result "1-0"]
[WhiteElo "1516"]
[BlackElo "1336"]
[Opening "French: advance, Paulsen attack"]
[ECO "C02"]
[Time "18:00:08"]
[TimeControl "2700+45"]

1. e4 e6 2. d4 d5 3. e5 c5 4. c3 Nc6 5. Nf3 cxd4 6. cxd4 a6 7. Be2 Bb4+ 8. Nc3
Nge7 9. O-O O-O 10. Bg5 h6 11. Bh4 b5 12. Rc1 Qa5 13. a3 Bxc3 14. Rxc3 b4 15.
Rc5 Qb6 16. a4 Nf5 17. Qc1 Bb7 18. Bg3 Nfxd4 19. Nxd4 Nxd4 20. Bd1 a5 21. Bf4
Nf5 22. g4 Nh4 23. Be3 Qd8 24. g5 d4 25. Bf4 Nf3+ 26. Bxf3 Bxf3 27. Re1 h5 28.
Qd2 f6 29. gxf6 gxf6 30. Qd3 fxe5 31. Qg6+ Kh8 32. Bxe5+ Rf6 33. Bxf6+ Qxf6 34.
Qxf6+ Kh7 35. Rc7+ Kg8 36. Qg7# {Black checkmated} 1-0

[Event "Team 45 45 League T54"]
[Site "Internet Chess Club"]
[Date "2012.10.13"]
[Round "9"]
[White "Aquaman"]
[Black "Iowa-Archer"]
[Result "1-0"]
[WhiteElo "1294"]
[BlackElo "1251"]
[Opening "Réti opening"]
[ECO "A04"]
[Time "15:00:13"]
[TimeControl "2700+45"]

1. Nf3 c5 2. g3 b6 3. Bg2 Bb7 4. O-O g6 5. d3 Bg7 6. e4 d6 7. c3 Nd7 8. Nbd2
Ngf6 9. Re1 O-O 10. h4 Nh5 11. Nf1 f5 12. Qb3+ Kh8 13. Ng5 Qe8 14. Ne6 Rf6 15.
Nc7 Qb8 16. Nxa8 Qxa8 17. Bg5 Rf8 18. Bxe7 Re8 19. Bxd6 fxe4 20. dxe4 Bxe4 21.
Bxe4 Rxe4 22. Rxe4 Qxe4 23. Qf7 Ndf6 24. Qe7 Qf3 25. Qe3 Qd5 26. Qd2 Qc6 27. Be7
Ng4 28. Qd8+ {Black resigns} 1-0